 Dungeon Crawl Stone Soup version 0.23.2 (webtiles) character file.

Game seed: 14663328917589951593

23 Leeroy the Conjurer (level 2, 0/20 HPs)
             Began as a Draconian Conjurer on Apr 13, 2019.
             Slain by a bat (1 damage)
             ... on level 1 of the Dungeon.
             The game lasted 00:02:38 (444 turns).

Leeroy the Conjurer (Draconian Conjurer)             Turns: 444, Time: 00:02:38

Health: 0/20       AC:  4    Str: 10    XL:     2   Next: 72%
Magic:  2/5        EV: 12    Int: 15    God:
Gold:   33         SH:  0    Dex: 11    Spells: 2/5 levels left

rFire    . . .     SeeInvis .   a - +0 flail
rCold    . . .     Gourm    .   (no shield)
rNeg     . . .     Faith    .   (armour unavailable)
rPois    .         Spirit   .   (helmet restricted)
rElec    .         Reflect  .   (no cloak)
rCorr    .         Harm     .   (no gloves)
MR       .....                  (no boots)
Stlth    ++........             (no amulet)
HPRegen  0.06/turn              (no ring)
MPRegen  0.09/turn              (no ring)

@: no status effects
A: unfitting armour, cold-blooded, AC +4
a: no special abilities


You were on level 1 of the Dungeon.
You were not hungry.

You visited 1 branch of the dungeon, and saw 2 of its levels.

You collected 33 gold pieces.

Inventory:

Hand Weapons
 a - a +0 flail (weapon)
 h - a +0 hunting sling
Scrolls
 c - a scroll of teleportation {unknown}
 e - a scroll of magic mapping {unknown}
 g - a scroll of identify {unknown}
Potions
 d - a potion of agility {unknown}
Comestibles
 b - 3 rations
 f - 3 chunks of flesh


   Skills:
 - Level 0.2 Fighting
 * Level 2.0 Dodging
 - Level 1.8 Stealth
 - Level 2.0 Spellcasting
 + Level 4.6 Conjurations


You had 2 spell levels left.
You knew the following spells:

 Your Spells              Type           Power        Failure   Level  Hunger
a - Magic Dart            Conj           ###.         3%          1    #......
b - Searing Ray           Conj           ###...       4%          2    ###....

Your spell library contained the following spells:

 Spells                   Type           Power        Failure   Level  Hunger
 Dazzling Spray           Conj/Hex       #.....       26%         3    ###....
 Iskenderun's Mystic Bla  Conj           ###.....     32%         4    #####..
 Force Lance              Conj/Tloc      #.......     65%         4    #####..
 Fulminant Prism          Conj/Hex       #.........   65%         4    #####..


Dungeon Overview and Level Annotations

Branches:
Dungeon (2/15)

Altars:
The Shining One


Innate Abilities, Weirdness & Mutations

Your plain brown scales are hard. (AC +4)
You cannot fit into any form of body armour.
You are cold-blooded and may be slowed by cold attacks.


Message History

The bat hits you but does no damage. The bat misses you.
The bat barely misses you. The bat hits you but does no damage.
The leopard gecko barely misses you. The bat misses you.
The bat closely misses you. The bat hits you but does no damage.
The leopard gecko bites you but does no damage.
The bat barely misses you. The bat closely misses you.
The goblin closely misses you. The bat closely misses you.
The bat barely misses you. The bat hits you but does no damage.
The bat hits you but does no damage. x2
There are monsters nearby!
The bat hits you but does no damage. The bat hits you but does no damage.
The bat hits you.
* * * LOW HITPOINT WARNING * * *
The bat misses you. The bat hits you.
You die...

##..##.# #..##.#
#..##.# ##.##.#
##..#'## #......#
#......#
#......#######+####
#..........g.lb@..#
#.........#.....#.#
#.........#.....# #
##+#...)..#.....#
#.#......#.....#
#.#......#..(..#
###.#......#.....#
...........#.....#
...........#


You could see a leopard gecko, a goblin and a bat.

Vanquished Creatures
  An adder (D:2)
  A leopard gecko (D:2)
  A ball python (D:2)
  3 hobgoblins
  A kobold (D:2)
  4 bats
  A frilled lizard (D:2)
  A rat (D:2)
13 creatures vanquished.

Notes
Turn   | Place    | Note
-------+----------+-------------------------------------------
     0 | D:1      | Leeroy the Draconian Conjurer began the quest for the Orb.
     0 | D:1      | Reached XP level 1. HP: 14/14 MP: 3/3
     1 | D:1      | You fall through a shaft!
    14 | D:2      | Reached XP level 2. HP: 9/20 MP: 1/5
   242 | D:2      | Found a glowing golden altar of the Shining One.
   320 | D:2      | Learned a level 2 spell: Searing Ray
   429 | D:1      | HP: 1/20 [leopard gecko (2)]
   443 | D:1      | HP: 1/20 [bat (1)]
   444 | D:1      | Slain by a bat

Skill      XL: |  1  2 |
---------------+-------+-----
Dodging        | 2 |  2.0
Fighting       | |  0.2
Stealth        | |  1.8
Spellcasting   | |  2.0
Conjurations   | |  4.6

Action                   || total
-------------------------++-------
Melee: Flail             ||    26
 Cast: Magic Dart        ||    12
       Searing Ray       ||     1
Armor: Skin              ||    26
Dodge: Dodged            ||    50
